 Dungeon Crawl Stone Soup version 0.30-a0-578-gdee14c521f (webtiles) character file.

Game seed: 13878663917314120987

176 Newt the Trooper (level 5, 0/42 HPs)
             Began as a Demonspawn Gladiator on Dec 31, 2022.
             Slain by an iguana (7 damage)
             ... on level 3 of the Dungeon.
             The game lasted 00:03:44 (3188 turns).

Newt the Trooper (Demonspawn Gladiator)             Turns: 3188, Time: 00:03:44

Health: 0/42       AC:  5    Str: 16    XL:     5   Next: 30%
Magic:  5/5        EV: 12    Int:  9    God:
Gold:   97         SH:  5    Dex: 15    Spells: 4/4 levels left

rFire   . . .      SeeInvis .    a - +0 rapier
rCold   . . .      Faith    .    k - +0 buckler
rNeg    . . .      Spirit   .    b - +0 leather armour
rPois   .          Reflect  .    (helmet restricted)
rElec   .          Harm     .    i - +1 cloak
rCorr   .          Rampage  .    (no gloves)
Will    .....                    (no boots)
Stlth   ++                       (no amulet)
HPRegen 0.27/turn                (no ring)
MPRegen 0.09/turn                (no ring)

@: no status effects
A: horns 1, foul stench 2, demonic magic 1
a: no special abilities


You were on level 3 of the Dungeon.
You visited 1 branch of the dungeon, and saw 4 of its levels.

You collected 97 gold pieces.

Inventory:

Hand Weapons
 a - a +0 rapier (weapon)
Missiles
 d - 3 throwing nets (quivered)
 e - 7 javelins
Armour
 b - a +0 leather armour (worn)
 c - a +0 helmet
 i - a +1 cloak (worn)
 k - a +0 buckler (worn)
Scrolls
 f - a scroll of immolation
 o - 2 scrolls of teleportation
Potions
 g - a potion of heal wounds
 h - 2 potions of curing
 j - a potion of brilliance
 l - a potion of berserk rage {unknown}
 m - a potion of invisibility {unknown}
 n - a potion of degeneration {unknown}
 p - a potion of magic {unknown}
 q - a potion of ambrosia {unknown}


   Skills:
 - Level 4.0 Fighting
 - Level 2.6 Short Blades
 - Level 1.7 Throwing
 - Level 2.6 Dodging
 - Level 2.0 Stealth
 + Level 2.6 Shields


You had 4 spell levels left.
You didn't know any spells.
Your spell library contained the following spells:

 Spells                   Type           Power      Damage    Failure   Level
 Scorch                   Fire           0%         2d5       69%         2
 Sublimation of Blood     Necr           0%         N/A       69%         2
 Wereblood                Tmut           0%         N/A       69%         2
 Flame Wave               Conj/Fire      0%         2d4       100%        4
 Summon Cactus Giant      Summ           0%         N/A       100%        6
 Summon Hydra             Summ           0%         N/A       100%        7


Dungeon Overview and Level Annotations

Branches:
Dungeon (4/15)
 Temple: D:4-7

Altars:


Innate Abilities, Weirdness & Mutations

You have a pair of small horns on your head.
You sometimes emit foul miasma when damaged in melee.
Spells you cast may paralyse adjacent enemies.


Message History

You hit Robin but do no damage.
Robin is severely wounded.
Robin misses you.
You hit Robin.
Robin is almost dead.
Robin hits you but does no damage.
You hit Robin.
You kill Robin!
There is a stone staircase leading down, spattered with blood here.
Items here: ) [[ †.
Okay, then.
You start resting.
HP restored.
You start waiting.
Done waiting.
You climb downwards.
The orc hits you with a +4 whip!
The orc wizard gestures at you while chanting.
The puff of flame hits you. The iguana misses you.
A quokka comes into view.
The orc hits you with a +4 whip.
You emit a cloud of foul miasma!
An orc comes into view.
It is wielding a +0 short sword and quivering poisoned darts.
The iguana bites you!
An orc comes into view. It is wielding a +0 falchion.
There is a stone staircase leading up, spattered with blood here.
You hit the orc but do no damage. You headbutt the orc.
The orc is heavily wounded.
The orc is engulfed in dark miasma.
The orc is poisoned.
The orc seems to slow down.
The orc closely misses you. You block the iguana's attack.
Unknown command.
The orc is no longer moving slowly.
The iguana bites you.
You climb upwards.
There is a stone staircase leading down, spattered with blood here.
Items here: ) [[ †.
The orc attacks as you move away! The orc closely misses you.
The iguana bites you!
* * * LOW HITPOINT WARNING * * *
Items here: )))) †.
The iguana attacks as you move away! The iguana bites you!
You die...

####.# ######## ### #....#
.......# #.# ##.##.# .......# ###
#.# #..##.# .......# #.###.#
#####..##.#
.......#####.#.#.####......##.#
...............†.#............###
.......#####.#.#.#÷##.###........
#######.####.#.#@#.##............
...............lo#)##.........##.
#######.####...........#......##.
#.######.#.#.###.#.#.#####.
#..........(.........# #.
#######............###.#...### #.
#......................#.....# #.
#.####.................#...#.###.
#.#####.###.##.#.#.##............


You could see an iguana and an orc (poisoned).

Vanquished Creatures
  An iguana (D:3)
  Terence (D:3)
  Robin (D:3)
  3 adders
  2 worms (D:2)
  6 ball pythons
  2 bats
  13 endoplasms
  11 goblins
  10 hobgoblins
  6 jackals
  5 kobolds
  2 quokkas
  2 frilled lizards
  7 rats
72 creatures vanquished.

Notes
Turn   | Place    | Note
-------+----------+-------------------------------------------
     0 | D:1      | Newt the Demonspawn Gladiator began the quest for the Orb.
     0 | D:1      | Reached XP level 1. HP: 16/16 MP: 1/1
    55 | D:1      | Reached skill level 1 in Stealth
   150 | D:1      | Gained mutation: You may rarely emit foul miasma when
                  | damaged in melee. [demonic ancestry]
   150 | D:1      | Reached XP level 2. HP: 18/22 MP: 2/2
   714 | D:2      | Discovered your monstrous ancestry.
   714 | D:2      | Gained mutation: You have a pair of small horns on your
                  | head. [demonic ancestry]
   714 | D:2      | Reached XP level 3. HP: 22/28 MP: 3/3
   790 | D:2      | Reached skill level 3 in Fighting
  1149 | D:2      | Gained mutation: You sometimes emit foul miasma when
                  | damaged in melee. [demonic ancestry]
  1149 | D:2      | Reached XP level 4. HP: 27/37 MP: 4/4
  1544 | D:3      | Noticed Terence
  1553 | D:3      | Killed Terence
  1554 | D:3      | Reached skill level 4 in Fighting
  1554 | D:3      | Reached skill level 1 in Shields
  2320 | D:4      | Noticed Robin
  2503 | D:3      | Gained mutation: Spells you cast may paralyse adjacent
                  | enemies. [demonic ancestry]
  2503 | D:3      | Reached XP level 5. HP: 6/42 MP: 5/5
  3029 | D:3      | Killed Robin
  3188 | D:3      | Slain by an iguana

Illustrated notes

Levels and vault maps discovered:
D:1:      lemuel_arrival_muddy, layout_rooms, chequers_serial_rivers_marsh
D:2:      layout_basic
D:3:      layout_basic, grunt_ministairs_3, uniq_terence
D:4:      layout_rooms, marbit_many_paths, minmay_temple_entry_ruins,
          moated_statue, chequers_jeans, uniq_robin

Skill      XL: |  1  2  3  4 |
---------------+-------------+-----
Stealth        | 1 2 |  2.0
Fighting       | 3 4 |  4.0
Shields        | 2 |  2.6
Short Blades   | |  2.6
Throwing       | |  1.7
Dodging        | |  2.6

Action                   |  1- 3 |  4- 6 || total
-------------------------+-------+-------++-------
Melee: Rapier            |   147 |    89 ||   236
       Punch             |     1 |       ||     1
       Headbutt          |     6 |    17 ||    23
Throw: Javelin           |     2 |     3 ||     5
  Use: Scroll            |     3 |     2 ||     5
       Potion            |     2 |       ||     2
 Stab: Sleeping          |     3 |     4 ||     7
Armor: Leather armour    |    53 |    27 ||    80
Dodge: Dodged            |   106 |    55 ||   161
Block: Buckler           |     6 |    29 ||    35

Table legend: (Time is in decaauts)
 A = Elapsed time spent in this place.
 B = Non-inter-level travel time spent in this place.
 C = Inter-level travel time spent in this place.
 D = Time resting spent in this place.
 E = Time spent auto-exploring this place.
 F = Levels seen in this place.
 G = Mean time per level.
                   A        B        C        D        E       F      G
               +--------+--------+--------+--------+--------+-----+--------+
         Total |   3218 |   3120 |     98 |   1008 |   1551 |   4 |  804.5 |
       Dungeon |   3218 |   3120 |     98 |   1008 |   1551 |   4 |  804.5 |
               +--------+--------+--------+--------+--------+-----+--------+

Top non-repeatable levels by time:
     D:3: 1722 daAuts
     D:2: 783 daAuts
     D:1: 698 daAuts
     D:4: 13 daAuts
